 Dungeon Crawl Stone Soup version 0.19-a0-1260-gc94d3f7 (webtiles) character file.

4507 Leszczynek the Jinx (level 10, 45/45 HPs)
             Began as a Felid Chaos Knight on Aug 28, 2016.
             Quit the game on level 2 of the Lair of Beasts.
             The game lasted 01:38:24 (12422 turns).

Leszczynek the Jinx (Felid Chaos Knight)           Turns: 12422, Time: 01:38:25

Health: 45/45      AC:  2    Str: 10    XL:     10   Next: 16%
Magic:  18/18      EV: 31    Int: 17    God:    Xom [*.....]
Gold:   622        SH:  0    Dex: 20    Spells: 4 memorised, 3 levels left
                                        Lives:  0   Deaths: 2

rFire  + . .     SeeInvis +       - Unarmed
rCold  + . .     Gourm    .     (armour unavailable)
rNeg   . . .     Faith    .     (shield unavailable)
rPois  .         Spirit   .     (helmet unavailable)
rElec  .         Dismiss  .     (cloak unavailable)
rCorr  .         Reflect  .     (gloves unavailable)
MR     ++...     Harm     .     (boots unavailable)
Stlth  +++++.....               (no amulet)
                                u - ring of flight
                                m - +5 ring of evasion

@: quick
A: no armour, no weapons or thrown items, claws 1, fangs 3, thin skeletal
structure 1, see invisible, carnivore 3, clever 1, cold resistance 1,
deterioration 2, fire resistance 1, speed 1, high mp 1, magic resistance 1,
shaggy fur 2, slow metabolism 1, strong 1, evolution 1, sharp paws
a: Renounce Religion, Evoke Flight


You were on level 2 of the Lair of Beasts.
You worshipped Xom.
You were a special plaything of Xom.
You were not hungry.

You visited 3 branches of the dungeon, and saw 17 of its levels.

You collected 715 gold pieces.
You spent 93 gold pieces at shops.

Inventory:

Jewellery
 m - a +5 ring of evasion (left paw)
 u - a ring of flight (right paw)
 G - an uncursed ring of ice
Wands
 s - a wand of paralysis (5/24)
 t - a wand of disintegration (5/24)
 y - a wand of acid (9/15)
 A - a wand of paralysis (16/24)
 D - a wand of confusion (14/48)
Scrolls
 d - a scroll of blinking
 f - a scroll of recharging
 h - 2 scrolls of remove curse
 j - 2 scrolls of immolation
 l - 3 scrolls of magic mapping
 C - a scroll of holy word
 E - 2 scrolls of identify
Potions
 c - 2 potions of mutation {unknown}
 e - 4 potions of heal wounds
 g - 6 potions of flight
 k - 6 potions of haste
 o - 4 potions of lignification
 p - 3 potions of invisibility
 r - a potion of ambrosia {unknown}
 w - 4 potions of agility
 x - a potion of might
 z - a potion of magic {unknown}
 B - 5 potions of curing
Books
 n - a book of Fire

   Spells                             Type                      Level
   a - Ignite Poison                  Fire/Transmutation/Poison    3
   b - Fireball                       Conjuration/Fire             5
   c - Bolt of Fire                   Conjuration/Fire             6
   d - Delayed Fireball               Conjuration/Fire             7
   e - Ring of Flames                 Charms/Fire                  7
 v - a book of Conjurations

   Spells                             Type                      Level
   a - Magic Dart                     Conjuration                  1
   b - Searing Ray                    Conjuration                  2
   c - Dazzling Spray                 Conjuration/Hexes            3
   d - Fulminant Prism                Conjuration/Hexes            4
   e - Iskenderun's Mystic Blast      Conjuration                  4
   f - Iskenderun's Battlesphere      Conjuration/Charms           5
 F - a book of Transfigurations

   Spells                             Type                      Level
   a - Irradiate                      Conjuration/Transmutation    5
   b - Statue Form                    Transmutation/Earth          6
   c - Hydra Form                     Transmutation                6
   d - Dragon Form                    Transmutation                7
Comestibles
 a - 5 meat rations
 b - a beef jerky
 i - 2 slices of pizza
 q - 10 royal jellies
 H - a chunk of flesh


   Skills:
 - Level 6.1 Fighting
 - Level 9.4 Dodging
 - Level 4.8 Stealth
 - Level 8.0 Unarmed Combat
 - Level 4.1 Spellcasting
 - Level 6.2 Conjurations
 - Level 12.0 Hexes
 + Level 7.7 Transmutations
 - Level 5.2 Evocations


You had 3 spell levels left.
You knew the following spells:

 Your Spells              Type           Power        Failure   Level  Hunger
a - Magic Dart            Conj           ###.         1%          1    None
b - Fulminant Prism       Conj/Hex       ####......   4%          4    ####...
c - Dazzling Spray        Conj/Hex       ####..       1%          3    ###....
d - Statue Form           Tmut/Erth      ###......    100%        6    #######


Dungeon Overview and Level Annotations

Branches:
Dungeon (13/15)              Lair (3/6) D:11          Swamp (0/4) Lair:2
    Orc (1/2) D:9
 Temple: D:4-7        Snake: Lair:2-4    Spider: Lair:2-4    Vaults: D:13-14

Altars:
Ashenzari
Dithmenos
Gozag
Hepliaklqana
Makhleb
Nemelex Xobeh
Okawaru
Uskayaw
Vehumet
Xom

Shops:
D:6 (   D:9 *}[(

Annotations:
D:3 Ijyb draining dagger, 2 adders, gnolls, flail orc, exclusion: sensed monster (detected), Ijyb, Jessica
D:4 halberd gnoll, exclusions: 2 gnolls, orc, orc priest and worker ant
D:6 exclusion: ice beast
D:7 exclusions: 2 hogs and human
D:8 exclusions: centaur and water moccasin
D:9 orc?
D:10 hill giant, polar bear
D:11 elephant, death knight, hill giant, simulacra, phantasm. warr., freezing wr.
D:12 wraith, white ugly thing (poly?), 8h hydra, spark wasp!, deep elf mage, Frances
D:13 yaks, hill giant, wyvern skel. Azrael roaming!, Azrael
Lair:2 swamp?, giant leech, Harold roaming, Harold
Lair:3 death yak roaming
Orc:1 sorc + 2 warriors + 2 priests near the stairs!


Innate Abilities, Weirdness & Mutations

You cannot wear armour.
You are incapable of wielding weapons or throwing items.
You have sharp claws.
You have razor-sharp teeth.
You have supernaturally acute eyesight. (SInv)
You are carnivorous and can eat meat at any time.
You cover ground quickly.
You are covered in thick fur. (AC +2)
You have a slow metabolism.
Your sharp claws are effective at attacking unaware monsters.
You have a somewhat thin skeletal structure. (Dex +2, Stealth)
Your mind is acute. (Int +2)
Your flesh is cold resistant. (rC+)
Your body often deteriorates upon taking damage.
Your flesh is heat resistant. (rF+)
You have an increased reservoir of magic. (+10% MP)
You are resistant to hostile enchantments. (MR+)
Your muscles are strong. (Str +2)
You evolve.


Message History

Unknown command.
Unknown command.
Unknown command.
Unknown command.
Unknown command.
Unknown command.
Unknown command.
Unknown command.
You closely miss the giant leech.
The giant leech is almost dead.
You scratch the giant leech but do no damage.
The giant leech is almost dead.
The giant leech bites you!!
Ouch! That really hurt!
You die...
The giant leech draws strength from your injuries!
You are now level 10!
Xom thinks this is hilarious!
You rejoin the land of the living...
Are you sure you want to abandon this character and quit the game? (Confirm with "yes".)

....P###..+........##.###♣♣.##
....##..>#.........'...##P#..##
.......#.##........###....<...###
.....######........# ##...P#.....
.....# #.........# #########P.
....## ##........# ### ....#
##........# #.+#### #.........#
##..#.## ##.....@..# #P....P#
###.#.+##.# ###....# #.##...###
##.....# ###..### #####
.......#######.+.## ####.##.
..........##......## #.#.....
........w.##.......# #####..####
.......##†#...[....####P#...## #
.......#...#......##.........# #


There were no monsters in sight!

Vanquished Creatures
  Gastronok (Lair:1)
  Sonja (D:10)
  An unseen horror (D:10)
  4 spiny frogs
  Psyche (D:12)
  A giant leech (Lair:2)
  A two-headed ogre (D:10)
  14 yaks
  A wraith (D:12)
  A human (D:12)
  A hungry ghost (D:12)
  A warg (D:9)
  4 water moccasins
  7 porcupines
  3 orc warriors
  3 ice beasts
  2 eyes of draining
  A phantom (D:12)
  A sky beast (D:10)
  A necrophage (D:5)
  2 ogres
  5 centaurs
  A big kobold (D:12)
  2 crocodiles
  8 giant frogs
  Blork the orc (D:5)
  A wyvern zombie (D:8)
  3 jellies
  9 wights
  3 howler monkeys (D:9)
  5 crimson imps
  A quasit (D:9)
  8 orc priests
  4 orc wizards
  2 centaur skeletons
  4 hounds
  2 giant frog skeletons
  4 iguanas
  5 worker ants
  A giant frog simulacrum (D:11)
  2 worker ant zombies
  4 adders
  4 gnolls
  19 river rats
  An ooze (D:9)
  2 dart slugs
  6 giant geckos
  44 orcs
  3 ball pythons
  6 giant cockroaches
  6 goblins
  7 hobgoblins
  10 jackals
  2 quokkas
  5 bats
  5 giant newts
  A jackal skeleton (D:3)
  14 kobolds
  A quokka skeleton (D:9)
  A quokka zombie (D:8)
  9 rats
  A fungus (Lair:2)
274 creatures vanquished.

Vanquished Creatures (collateral kills)
  A hill giant (D:12)
  A deep elf mage (D:12)
  A troll (D:12)
  A queen bee (D:10)
  A giant leech (Lair:2)
  Sigmund (D:3)
  2 yaks
  A phantom (D:7)
  2 necrophages
  A scorpion (D:12)
  2 wights
  An orc wizard (D:9)
  An iguana (D:3)
  3 gnolls
  An adder (D:3)
  A shadow imp (D:7)
  A giant gecko skeleton (D:7)
22 creatures vanquished.

Vanquished Creatures (others)
  An orc (D:9)
  95 fulminant prisms
  7 fungi
  A plant (Lair:3)
104 creatures vanquished.

Grand Total: 400 creatures vanquished

Notes
Turn   | Place    | Note
-------+----------+-------------------------------------------
     0 | D:1      | Leszczynek the Felid Chaos Knight began the quest for the Orb.
     0 | D:1      | Reached XP level 1. HP: 10/10 MP: 2/2
   100 | D:1      | Reached skill level 1 in Stealth
   182 | D:1      | HP: 1/10 [goblin/dagger (4)]
   332 | D:1      | Reached skill level 2 in Stealth
   332 | D:1      | Reached XP level 2. HP: 7/14 MP: 3/3
   685 | D:1      | XOM: divination: detect creatures
   860 | D:2      | Reached XP level 3. HP: 10/17 MP: 4/4
   934 | D:2      | Reached skill level 3 in Stealth
  1075 | D:2      | Found an opulent altar of Gozag.
  1162 | D:3      | XOM: divination: detect creatures
  1208 | D:3      | Noticed Ijyb
  1227 | D:2      | actually i could just stab him
  1252 | D:3      | yeah right
  1345 | D:3      | XOM: divination: magic mapping
  1922 | D:3      | XOM: smoke on damage
  1945 | D:3      | Reached skill level 4 in Unarmed Combat
  1982 | D:3      | Reached XP level 4. HP: 21/21 MP: 5/5
  1992 | D:3      | Noticed Jessica
  2026 | D:3      | XOM: divination: magic mapping
  2032 | D:3      | XOM: cast spell 'Alistair's Intoxication'
  2106 | D:3      | oh come on
  2145 | D:4      | oops
  2146 | D:4      | Found a hazy altar of Hepliaklqana.
  2258 | D:4      | Found a sparkling altar of Nemelex Xobeh.
  2498 | D:5      | Entered Level 5 of the Dungeon
  2532 | D:5      | Noticed Blork the orc
  2573 | D:5      | Reached skill level 5 in Unarmed Combat
  2573 | D:5      | Reached XP level 5. HP: 24/24 MP: 6/6
  2612 | D:5      | Noticed a necrophage
  2628 | D:5      | XOM: 1-stop teleportation journey
  2629 | D:5      | thanks xom
  2632 | D:5      | thanks
  2635 | D:5      | XOM: enchant monster (bad)
  2637 | D:5      | Killed Blork the orc
  2897 | D:5      | XOM: cast spell 'Statue Form'
  2900 | D:5      | XOM: enchant monster (good)
  2901 | D:5      | Killed a necrophage
  2901 | D:5      | Reached skill level 6 in Unarmed Combat
  2901 | D:5      | Gained mutation: You are covered in thick fur. (AC +2) [Felid growth]
  2901 | D:5      | Reached XP level 6. HP: 28/28 MP: 7/7
  2907 | D:5      | Learned a level 1 spell: Magic Dart
  2912 | D:5      | Learned a level 4 spell: Fulminant Prism
  3015 | D:5      | XOM: scenery: create altars
  3094 | D:4      | XOM: 1-stop teleportation journey
  3122 | D:3      | XOM: summons friendly chaos spawn
  3126 | D:3      | Reached skill level 1 in Conjurations
  3233 | D:3      | Noticed Sigmund
  3264 | D:3      | my chaos spawn could probably kill that guy
  3264 | D:3      | but the problem is i could've died before it happens
  3290 | D:3      | Killed Sigmund
  3290 | D:3      | Reached skill level 2 in Conjurations
  3397 | D:6      | Reached skill level 3 in Conjurations
  3459 | D:6      | Found Yfizususs's Weapon Emporium.
  3471 | D:6      | d:6 shop, +3 exec axe of elec
  3471 | D:6      | sure
  3536 | D:6      | XOM: give mutations
  3536 | D:6      | Gained mutation: You have a somewhat thin skeletal structure. (Dex +2, Stealth) [Xom's grace]
  3536 | D:6      | Gained mutation: You possess an exceptional clarity of mind. [Xom's grace]
  3536 | D:6      | Gained mutation: Your muscles are strong. (Str +2) [Xom's grace]
  3630 | D:6      | Noticed an ice beast
  3651 | D:6      | Killed an ice beast
  3651 | D:6      | Reached skill level 3 in Hexes
  3651 | D:6      | Reached XP level 7. HP: 31/31 MP: 2/8
  3787 | D:6      | cats should be able to wear hats, i say
  3922 | D:7      | XOM: god gift: 22 sling bullets
  3935 | D:7      | Reached skill level 4 in Hexes
  3976 | D:7      | Reached skill level 5 in Hexes
  4098 | D:7      | Noticed a human
  4098 | D:7      | Noticed a hog
  4098 | D:7      | Noticed a hog
  4158 | D:7      | Reached skill level 6 in Hexes
  4163 | D:7      | Reached skill level 1 in Spellcasting
  4302 | D:8      | Reached skill level 2 in Spellcasting
  4309 | D:8      | XOM: 1-stop teleportation journey
  4312 | D:8      | Learned a level 3 spell: Dazzling Spray
  4362 | D:8      | You fall through a shaft!
  4362 | D:9      | XOM: noise
  4368 | D:9      | XOM: summons friendly crimson imp
  4370 | D:9      | Reached skill level 3 in Spellcasting
  4370 | D:9      | Reached XP level 8. HP: 22/34 MP: 5/13
  4370 | D:9      | XOM: destruction
  4389 | D:9      | orc
  4392 | D:9      | Found an iron altar of Okawaru.
  4406 | D:9      | Found a shimmering altar of Xom.
  4406 | D:9      | XOM: 2-stop teleportation journey
  4408 | D:9      | Found Edusmash's Assorted Antiques.
  4411 | D:9      | Bought a scroll of identify for 38 gold pieces
  4411 | D:9      | Bought a sapphire potion for 17 gold pieces
  4411 | D:9      | Bought a scroll of identify for 38 gold pieces
  4500 | D:9      | Found Lin Okuh's Gadget Shoppe.
  4581 | D:8      | Found a hide-covered altar of Uskayaw.
  4600 | D:8      | Found a shadowy altar of Dithmenos.
  4730 | D:8      | Reached skill level 7 in Hexes
  4767 | D:8      | XOM: silly message
  4887 | D:8      | Found a radiant altar of Vehumet.
  4911 | D:8      | XOM: noise
  4912 | D:8      | XOM: scenery: 1 doors open
  4935 | D:9      | XOM: divination: detect creatures
  4943 | D:9      | XOM: swap monsters
  4947 | D:9      | Reached skill level 8 in Hexes
  4967 | D:9      | Reached skill level 9 in Hexes
  5003 | D:9      | XOM: give mutations
  5003 | D:9      | Gained mutation: You are clumsy. (Dex -2) [Xom's mischief]
  5003 | D:9      | Gained mutation: You are frail. (-10% HP) [Xom's mischief]
  5003 | D:9      | Gained mutation: Your body sometimes deteriorates upon taking damage. [Xom's mischief]
  5003 | D:9      | Lost mutation: Your muscles are strong. (Str +2) [Xom's mischief]
  5004 | D:9      | thanks xom
  5006 | D:9      | i didn't like my hp anyway
  5018 | D:9      | XOM: polymorph orc warrior -> ooze
  5031 | D:9      | XOM: god gift: 9 royal jellies
  5188 | D:9      | Found a staircase to the Orcish Mines.
  5190 | D:9      | XOM: divination: detect items
  5224 | D:9      | Reached skill level 4 in Conjurations
  5232 | D:9      | XOM: scenery: create altars
  5235 | D:9      | XOM: polymorph crimson imp -> quasit
  5276 | D:9      | Found Ivolek's Antique Armour Boutique.
  5369 | D:9      | Found Exatusch's Antique Weapon Shop.
  5377 | D:9      | look at all those useless shops
  5475 | D:10     | Entered Level 10 of the Dungeon
  5475 | D:10     | Noticed an unseen horror
  5479 | D:10     | Killed an unseen horror
  5479 | D:10     | Reached skill level 6 in Conjurations
  5479 | D:10     | Reached XP level 9. HP: 33/33 MP: 14/14
  5489 | D:10     | XOM is BORED!
  5489 | D:10     | XOM: 3-stop teleportation journey
  5552 | D:10     | XOM: enchant monster (good)
  5555 | D:10     | XOM: cast spell 'Necromutation'
  5566 | D:10     | Reached skill level 4 in Dodging
  5566 | D:10     | Reached skill level 1 in Evocations
  5624 | D:10     | Noticed a hill giant
  5636 | D:10     | Noticed Sonja
  5638 | D:10     | Killed Sonja
  5638 | D:10     | Reached skill level 4 in Fighting
  5638 | D:10     | Reached skill level 6 in Dodging
  5638 | D:10     | Reached skill level 2 in Evocations
  5639 | D:10     | XOM: scenery: create altars
  5644 | D:10     | Reached skill level 3 in Evocations
  5644 | D:10     | XOM: fog
  5645 | D:10     | XOM: god gift: scroll labeled JIYLOO POTYU {god gift}
  5646 | D:10     | XOM: summons 3 friendly demons
  5647 | D:10     | ow
  5658 | D:10     | XOM: scenery: 1 doors open, 1 doors close
  5662 | D:10     | Reached skill level 7 in Dodging
  5707 | D:10     | best gift
  5795 | D:8      | XOM: scenery: create altars
  6069 | D:10     | XOM: 1-stop teleportation journey
  6169 | D:10     | XOM: enchant monster (bad)
  6203 | D:10     | XOM: polymorph orc wizard -> giant frog
  6208 | D:10     | XOM: swap monsters
  6208 | D:10     | Reached skill level 8 in Dodging
  6208 | D:10     | Reached XP level 10. HP: 36/38 MP: 3/15
  6209 | D:10     | XOM: give mutation
  6209 | D:10     | Lost mutation: You possess an exceptional clarity of mind. [Xom's mischief]
  6230 | D:10     | Paralysed by a crimson imp for 6 turns
  6243 | D:10     | Reached skill level 4 in Evocations
  6256 | D:10     | XOM: chaos upgrade
  6346 | D:10     | Found a burning altar of Makhleb.
  6402 | D:9      | XOM: butterfly on damage
  6407 | D:9      | XOM: noise
  6646 | D:10     | Reached skill level 5 in Fighting
  6714 | D:10     | XOM: confusion
  6725 | D:10     | XOM: polymorph yak -> queen bee
  6729 | D:10     | jesus
  6746 | D:10     | XOM: summons 3 friendly demons
  6748 | D:10     | Reached skill level 10 in Hexes
  6878 | D:10     | the famous 1%
  6974 | D:10     | 3 ac my ass
  7019 | D:11     | XOM: give mutations
  7019 | D:11     | Gained mutation: Your flesh is heat resistant. (rF+) [Xom's grace]
  7019 | D:11     | Gained mutation: You evolve. [Xom's grace]
  7019 | D:11     | Gained mutation: Your muscles are strong. (Str +2) [Xom's grace]
  7026 | D:11     | Noticed an elephant
  7033 | D:11     | lair
  7060 | D:11     | XOM: enchant monster (good)
  7064 | D:11     | Noticed a death knight
  7073 | D:11     | i have no spellpower at all
  7104 | D:11     | Noticed a phantasmal warrior
  7150 | D:10     | XOM: god gift: sedimented pink potion {god gift}
  7209 | D:9      | XOM: god gift: amulet of the gourmand {god gift}
  7297 | D:9      | XOM: god gift: jade ring {god gift}
  7302 | D:9      | best gifts
  7308 | D:9      | XOM: destruction
  7336 | Orc:1    | Entered Level 1 of the Orcish Mines
  7337 | Orc:1    | welp, both ice cave and volcano lost
  7340 | Orc:1    | Noticed an orc sorcerer
  7545 | D:10     | XOM: butterfly on damage
  7639 | D:11     | Noticed a hill giant
  7661 | D:11     | XOM: scenery: create altars
  7689 | D:11     | XOM: destruction
  7692 | D:11     | XOM: summons friendly crimson imp
  7699 | D:11     | XOM: destruction
  7711 | D:11     | XOM: give mutations
  7711 | D:11     | Lost mutation: You are frail. (-10% HP) [Xom's mischief]
  7711 | D:11     | Gained mutation: You are very clumsy. (Dex -4) [Xom's mischief]
  7711 | D:11     | Gained mutation: Your body often deteriorates upon taking damage. [Xom's mischief]
  7715 | D:11     | XOM: fog
  7719 | D:11     | XOM: severe Hex miscast
  7909 | D:10     | XOM: harmless Chrm miscast
  8000 | D:11     | XOM: enchant monster (bad)
  8023 | D:12     | XOM: noise
  8093 | D:12     | ah, deterioration 2
  8093 | D:12     | that's why i have 9 dex
  8093 | D:12     | thanks xom
  8130 | D:12     | Reached skill level 4 in Spellcasting
  8140 | D:12     | Noticed Frances
  8244 | D:12     | Reached skill level 11 in Hexes
  8264 | D:12     | Noticed a white ugly thing
  8286 | D:12     | XOM: summons 8 friendly demons
  8342 | D:12     | and back to 12 int
  8342 | D:12     | hopeless
  8355 | D:12     | XOM: polymorph yak -> troll
  8368 | D:12     | XOM: polymorph troll -> human
  8380 | D:12     | XOM: scenery: create altars
  8380 | D:12     | Reached skill level 7 in Unarmed Combat
  8411 | D:12     | XOM: give mutations
  8411 | D:12     | Gained mutation: You have an increased reservoir of magic. (+10% MP) [Xom's grace]
  8411 | D:12     | Gained mutation: You are resistant to hostile enchantments. (MR+) [Xom's grace]
  8411 | D:12     | Lost mutation: You are very clumsy. (Dex -4) [Xom's grace]
  8411 | D:12     | Lost mutation: You are clumsy. (Dex -2) [Xom's grace]
  8413 | D:12     | thanks xom, now get that fucking deterioration off me
  8415 | D:12     | XOM: cleaving
  8425 | D:12     | XOM: summons friendly quasit
  8439 | D:12     | XOM: cast spell 'Call Canine Familiar'
  8459 | D:12     | XOM: divination: magic mapping
  8591 | D:12     | XOM: enchant monster (good)
  8605 | D:12     | XOM: smoke on damage
  8613 | D:12     | XOM: polymorph adder -> howler monkey
  8619 | D:12     | XOM: polymorph howler monkey -> iguana
  8630 | D:12     | XOM: summons friendly crimson imp
  8757 | D:12     | XOM: summons 6 friendly demons
  8765 | D:12     | XOM: enchant monster (good)
  8766 | D:12     | Noticed a hill giant
  8772 | D:12     | Reached skill level 9 in Dodging
  8780 | D:12     | XOM: summons 2 friendly demons
  8791 | D:12     | XOM: summons 8 friendly demons
  8803 | D:12     | Killed a hill giant
  8937 | D:12     | Noticed Psyche
  8944 | D:12     | Killed Psyche
  8944 | D:12     | Reached skill level 8 in Unarmed Combat
  9222 | D:13     | Reached XP level 11. HP: 44/47 MP: 12/19
  9224 | D:13     | Noticed a hill giant
  9244 | D:13     | XOM: fog
  9369 | D:12     | XOM: blink monster(s)
  9384 | D:12     | Reached skill level 12 in Hexes
  9557 | D:13     | Noticed Azrael
  9562 | D:12     | Noticed an eight-headed hydra
  9615 | D:12     | XOM: destruction
  9617 | D:12     | Noticed a spark wasp
  9617 | D:12     | an eight-headed hydra changed into a spark wasp
  9617 | D:12     | XOM: polymorph eight-headed hydra -> spark wasp
  9623 | D:12     | Noticed a deep elf mage
  9628 | D:12     | Noticed a hill giant
  9630 | D:12     | Killed a deep elf mage
  9631 | D:12     | XOM: butterfly on damage
  9631 | D:12     | Slain by a spark wasp
  9632 | D:12     | Reached XP level 10. HP: 0/45 MP: 7/18
  9736 | D:11     | Reached skill level 6 in Fighting
  9857 | D:11     | Found a staircase to the Lair.
  9867 | Lair:1   | Entered Level 1 of the Lair of Beasts
  9873 | Lair:1   | Gained mutation: You passively map a small area around you. [evolution]
  9888 | Lair:1   | Reached skill level 5 in Evocations
  9889 | Lair:1   | look at this
  9889 | Lair:1   | i just stabbed a porcupine
  9889 | Lair:1   | stabbed
  9889 | Lair:1   | successfully
  9889 | Lair:1   | 1 int gone
  9918 | Lair:1   | XOM: harmless Tmut miscast
  9977 | Lair:1   | Noticed a spiny frog
  9995 | Lair:1   | Reached skill level 4 in Stealth
  9999 | Lair:1   | Killed a spiny frog
 10002 | Lair:1   | XOM: enchant monster (bad)
 10006 | Lair:1   | XOM: cast spell 'Summon Mana Viper'
 10016 | Lair:1   | Noticed Gastronok
 10058 | Lair:1   | XOM: 4-stop teleportation journey
 10063 | Lair:1   | Learned a level 6 spell: Statue Form
 10092 | Lair:1   | well, if i could get myself to cast it
 10092 | Lair:1   | i'd be home more or less
 10092 | Lair:1   | but that's probably impossible
 10145 | Lair:1   | Reached skill level 1 in Transmutations
 10355 | Lair:1   | XOM: harmless Ice miscast
 10364 | Lair:1   | XOM: summons 6 friendly demons
 10394 | Lair:1   | XOM: harmless Summ miscast
 10395 | Lair:1   | Killed Gastronok
 10395 | Lair:1   | Reached skill level 3 in Transmutations
 10412 | Lair:2   | Noticed a spiny frog
 10413 | Lair:2   | XOM: summons friendly ufetubus
 10420 | Lair:1   | XOM: enchant monster (good)
 10423 | Lair:1   | Reached skill level 4 in Transmutations
 10562 | Lair:1   | all three stairs heavily guarded, what now
 10576 | Lair:2   | Killed a spiny frog
 10643 | Lair:1   | XOM: god gift: 25 stones
 10738 | Lair:2   | XOM: summons friendly crimson imp
 10742 | Lair:2   | XOM: divination: magic mapping
 10762 | Lair:2   | XOM: summons friendly ufetubus
 10766 | Lair:2   | XOM: polymorph ufetubus -> white imp
 10772 | Lair:2   | XOM: summons 4 friendly demons
 10789 | Lair:2   | XOM: potion effect (magic)
 10802 | Lair:2   | Reached skill level 5 in Transmutations
 10885 | Lair:2   | XOM: potion effect (agility)
 10896 | Lair:2   | Reached skill level 6 in Transmutations
 10899 | Lair:2   | Reached XP level 11. HP: 38/48 MP: 9/19
 10904 | Lair:2   | XOM: silly message
 10913 | Lair:2   | XOM: divination: magic mapping
 10997 | Lair:2   | Noticed Harold
 11128 | Lair:2   | Lost mutation: You passively map a small area around you. [evolution]
 11317 | Lair:2   | XOM: scenery: 1 doors open
 11363 | Lair:3   | Noticed a death yak
 11402 | Lair:2   | XOM: confuse monster(s)
 11434 | Lair:2   | XOM: give mutations
 11434 | Lair:2   | Gained mutation: Your mind is acute. (Int +2) [Xom's grace]
 11434 | Lair:2   | Gained mutation: Your flesh is cold resistant. (rC+) [Xom's grace]
 11454 | Lair:2   | XOM: cleaving
 11462 | Lair:2   | Reached skill level 7 in Transmutations
 11589 | Lair:2   | XOM: god gift: robe {god gift}
 11644 | Lair:2   | Found a staircase to the Swamp.
 11697 | Lair:2   | XOM: confusion (+ monsters)
 11703 | Lair:2   | XOM: stat loss: -1 Str (9/10)
 11704 | Lair:2   | XOM: destruction
 11717 | Lair:2   | XOM: confusion (+ monsters)
 11718 | Lair:2   | XOM: summons 2 friendly demons
 11757 | Lair:2   | XOM: harmless Fire miscast
 11767 | Lair:3   | Found a shattered altar of Ashenzari.
 11830 | Lair:3   | XOM: medium Fire miscast
 11839 | Lair:3   | XOM: draining
 11857 | Lair:3   | XOM: cast spell 'Ice Form'
 11897 | Lair:3   | Noticed an eight-headed hydra
 11925 | Lair:3   | XOM: destruction
 11932 | Lair:2   | XOM: cloud trail
 12184 | Lair:3   | XOM: summons friendly crimson imp
 12190 | Lair:3   | XOM: summons 5 hostile demons
 12304 | Lair:2   | XOM: destruction
 12324 | Lair:2   | XOM: medium Divn miscast
 12358 | Lair:2   | XOM: enchant monster (bad)
 12421 | Lair:2   | Mangled by a giant leech
 12422 | Lair:2   | Reached XP level 10. HP: -8/45 MP: 1/18
 12422 | Lair:2   | Quit the game

Vault maps used:
D:1:      dpeg_arrival_fog
D:2:      grunt_gozag_statues, first_bread, nicolae_ru_path_of_blood
D:3:      lemuel_coloured_pillars_altar, hangedman_decor_lopped,
          grunt_ministairs_15, minmay_liquid_box, roderic_lattice_a, uniq_iyjb,
          uniq_sigmund, uniq_jessica
D:4:      kennysheep_mini, nicolae_overflow_crystal_walls
D:5:      serial_shops, shop, uniq_blork_the_orc
D:6:      serial_shops, shop, corexii_item_surrounded_by_moat, minivault_25,
          kennysheep_small_square
D:7:      serial_bayou_lagoon_a, grunt_livestock
D:8:      minitemple, lemuel_doored_altar, lemuel_crystal_altar
D:9:      okawaru_trees_1, lemuel_crystal_altar, erik_orc_3, serial_shops,
          kennysheep_mini_moat, shop, shop, nicolae_shop_behind_doors
D:10:     basic_altar, uniq_sonja
D:11:     david_lair_generic, serial_ice, serial_ice_m, serial_ice_o,
          serial_ice_c, serial_ice_n
D:12:     billiards_dpeg, uniq_psyche, uniq_frances
D:13:     grunt_decor_one_mirror, uniq_azrael, uniq_josephine
Lair:1:   uniq_gastronok
Lair:2:   minmay_swamp_entry_worms, uniq_harold
Lair:3:   basic_altar, uniq_nergalle
Orc:1:    enter_volcano_2, portal_ice_cave_entry_pillars_1, uniq_snorg

Skill      XL: |  1  2  3  4  5  6  7  8  9 10 11 |
---------------+----------------------------------+-----
Stealth        | 2 3 4 |  4.8
Unarmed Combat | 4 5 6 8 |  8.0
Conjurations   | 3 6 |  6.2
Hexes          | 3 6 9 11 12 | 12.0
Spellcasting   | 3 4 |  4.1
Dodging        | 8 9 |  9.4
Evocations     | 3 5 |  5.2
Fighting       | 4 6 |  6.1
Transmutations | 6 7 |  7.7

Action                   |  1- 3 |  4- 6 |  7- 9 | 10-12 || total
-------------------------+-------+-------+-------+-------++-------
Melee: Unarmed           |   124 |    75 |   187 |   323 ||   709
       Bite              |    11 |     7 |    21 |    35 ||    74
       Punch             |     5 |     1 |     3 |    13 ||    22
 Cast: Magic Dart        |       |     7 |    10 |     7 ||    24
       Dazzling Spray    |       |       |    13 |    51 ||    64
       Fulminant Prism   |       |       |    14 |    81 ||    95
Evoke: Wand              |       |    10 |     9 |    11 ||    30
  Use: Scroll            |       |    13 |     8 |    13 ||    34
       Potion            |       |       |     1 |     5 ||     6
 Stab: Sleeping          |    17 |     4 |     6 |     7 ||    34
       Distracted        |     1 |     1 |     3 |     2 ||     7
       Paralysed         |       |     1 |       |     2 ||     3
       Invisible         |       |       |     2 |     1 ||     3
       Confused          |       |       |     1 |     2 ||     3
       Petrifying        |       |       |       |     1 ||     1
  Eat: Chunk             |     9 |     3 |     9 |    37 ||    58
Armor: Skin              |     9 |     4 |     3 |    11 ||    27
Dodge: Dodged            |    76 |    53 |   157 |   299 ||   585
